 Dungeon Crawl Stone Soup version 0.30-b1-2-g02819fbbbe (webtiles) character file.

Game seed: 10979460911912248565

15343 LLlMATKO the Cleaver (level 12, -6/112 HPs)
             Began as a Minotaur Berserker on Aug 23, 2023.
             Was an Elder of Trog.
             Mangled by a minotaur
             ... wielding a +0 morningstar of protection
              (16 damage)
             ... in a Gauntlet.
             The game lasted 00:12:49 (10399 turns).

LLlMATKO the Cleaver (Minotaur Berserker)          Turns: 10399, Time: 00:12:50

Health: -6/112     AC: 22    Str: 24    XL:     12   Next: 0%
Magic:  11/11      EV: 18    Int:  4    God:    Trog [****..]
Gold:   563        SH: 10    Dex: 13    Spells: 11/11 levels left

rFire   x . .        D - +0 war axe (flame)
rCold   + + .        I - +0 kite shield
rNeg    . . .        n - +1 ice dragon scales
rPois   .            P - +1 hat of the Transmuting Gods {rElec Will+ Stlth+}
rElec   +            A - +0 cloak
rCorr   .            y - +0 pair of gloves
SInv    +            F - +2 pair of boots
Will    +....        b - amulet "Wuilidghi" {Acrobat Stlth+}
Stlth   ++           L - +5 ring of evasion
HPRegen 0.38/turn    v - ring of see invisible
MPRegen 0.12/turn

%: no teleportation, acrobat
@: on berserk cooldown, slowed, very slow
A: horns 2, retaliatory headbutt
a: Renounce Religion, Berserk, Trog's Hand, Brothers in Arms


You were in a Gauntlet.
You worshipped Trog.
Trog was greatly pleased with you.
You visited 1 branch of the dungeon, and saw 11 of its levels.
You also visited: Ossuary and Gauntlet.

You collected 563 gold pieces.

Inventory:

Hand Weapons
 D - a +0 war axe of flaming (weapon)
 M - a +0 heavy hand axe
Missiles
 a - 3 atropa-tipped darts
 u - 12 poisoned darts (quivered)
 G - a curare-tipped dart
 K - 2 throwing nets
Armour
 n - +1 ice dragon scales (worn)
 y - a +0 pair of gloves (worn)
 A - a +0 cloak (worn)
 F - a +2 pair of boots (worn)
 H - a +0 plate armour
 I - a +0 kite shield (worn)
 O - the +3 ring mail of Eternal Night {rElec rC+}
   (You found it in a Gauntlet)

   rC:        It protects you from cold.
   rElec:     It insulates you from electricity.
 P - the +1 hat of the Transmuting Gods (worn) {rElec Will+ Stlth+}
   (You found it in a Gauntlet)

   rElec:     It insulates you from electricity.
   Will:      It increases your willpower.
   Stlth:     It makes you more stealthy.
Jewellery
 b - the amulet "Wuilidghi" (around neck) {Acrobat Stlth+}
   (You found it in a Gauntlet)

   [amulet of the acrobat]

   It increases your evasion while moving and waiting.
   Stlth:     It makes you more stealthy.
 v - a ring of see invisible (right hand)
 L - a +5 ring of evasion (left hand)
Wands
 q - a wand of digging (2)
 E - a wand of charming (18)
Scrolls
 c - 2 scrolls of fog
 e - 9 scrolls of identify
 h - a scroll of vulnerability
 k - 5 scrolls of enchant weapon
 l - 7 scrolls of teleportation
 o - a scroll of immolation
 r - 2 scrolls of enchant armour
 B - 2 scrolls of noise
Potions
 d - 4 potions of might
 f - 2 potions of ambrosia {unknown}
 g - 4 potions of lignification {unknown}
 i - 4 potions of curing {unknown}
 j - 3 potions of invisibility {unknown}
 m - 4 potions of degeneration {unknown}
 p - a potion of brilliance
 s - 2 potions of berserk rage {unknown}
 t - a potion of mutation {unknown}
 w - 2 potions of heal wounds {unknown}
 x - 3 potions of haste
 z - 2 potions of flight {unknown}
 C - a potion of attraction {unknown}
 J - a potion of resistance {unknown}
 N - a potion of cancellation {unknown}


   Skills:
 + Level 11.8 Fighting
 + Level 11.8 Axes
 + Level 11.5 Armour
 + Level 10.6 Dodging
 + Level 6.7 Shields


You had 11 spell levels left.
You didn't know any spells.
Your spell library was empty.

Dungeon Overview and Level Annotations

Branches:
Dungeon (11/15)            Temple (0/1) D:6            Lair (0/5) D:11
Ossuary (visited)         Gauntlet (1/1)
    Orc: D:9-12

Altars:
Cheibriados
Dithmenos
Gozag
Kikubaaqudgha
Nemelex Xobeh
Okawaru
Qazlal
Ru
Sif Muna
Vehumet
Yredelemnul
Zin

Shops:
D:3 (   D:5 *   D:11 [

Annotations:
Gauntlet 8 transporters, 3 runed translucent doors


Innate Abilities, Weirdness & Mutations

You have a pair of horns on your head.
You reflexively headbutt those who attack you in melee.


Message History

You hit the minotaur. You burn the minotaur.
The minotaur is moderately wounded.
The minotaur hits you with a +0 morningstar of protection!!
The minotaur gores you but does no damage.
You hit the minotaur but do no damage.
The minotaur is moderately wounded.
You hit the minotaur but do no damage.
The minotaur is moderately wounded.
The minotaur hits you with a +0 morningstar of protection!!
The minotaur gores you but does no damage.
You slash the minotaur! You burn the minotaur.
The minotaur is heavily wounded.
The minotaur misses you. You furiously retaliate!
You headbutt the minotaur! The minotaur gores you.
You hit the minotaur. You burn the minotaur. Your headbutt misses the minotaur.
The minotaur is severely wounded.
You hit the minotaur. You burn the minotaur.
The minotaur is severely wounded.
The minotaur hits you but does no damage.
You block the minotaur's attack.
You barely miss the minotaur.
You headbutt the minotaur, but do no damage.
The minotaur is severely wounded.
You are no longer berserk.
You are exhausted.
You feel yourself slow down.
The minotaur hits you with a +0 morningstar of protection!
The minotaur barely misses you.
You hit the minotaur but do no damage.
You headbutt the minotaur, but do no damage.
The minotaur is severely wounded.
You block the minotaur's attack. The minotaur gores you!
You hit the minotaur. You burn the minotaur.
You headbutt the minotaur, but do no damage.
The minotaur is severely wounded.
The minotaur hits you with a +0 morningstar of protection!!
* * * LOW HITPOINT WARNING * * *
The minotaur gores you but does no damage.
The minotaur hits you with a +0 morningstar of protection!
You die...

#8∩8# #=.)# #8.8#
## #:.}# ###8.#8.8#
#....#...#
#.#..#8H8# #
#.#..##@##..#.#
#.............#
#.#.##.#.##.#.#
#.#....#....#.#
###.#.#######.#.###
#.................
#.♣.♣.©.©.©.©.♣.♣.#
#.................
# ###
#################
### ### #


You could see a minotaur.

Vanquished Creatures
  A great orb of eyes (Gauntlet)
  Harold (D:9)
  2 two-headed ogres
  A fire crab (Gauntlet)
  A cyclops (D:11)
  2 trolls
  A hornet (D:6)
  Grinder (D:3)
  5 shadows
  2 wraiths (D:10)
  Sigmund (D:3)
  A vampire (D:11)
  A wyvern (D:7)
  Eustachio (D:5)
  2 fire bats (Gauntlet)
  9 yaks
  4 vampire mosquitoes (D:10)
  2 steam dragons
  Menkaure (Ossuary)
  An acid dragon (D:5)
  3 water moccasins
  5 black bears
  4 orc warriors
  5 ogres
  An ice beast (D:7)
  3 centaurs
  A phantom (D:7)
  2 kobold brigands
  4 bullfrogs
  A scorpion (D:5)
  12 wights
  21 killer bees
  3 howler monkeys (D:9)
  A jelly (D:7)
  2 hounds
  6 orc priests
  A gnoll bouda (D:8)
  Crazy Yiuf (D:5)
  A sleepcap (D:6)
  4 iguanas
  2 orc wizards (D:10)
  Natasha (twice) (D:4)
  4 mummies
  3 gnolls (D:8)
  7 adders
  A shadow imp (D:5)
  2 white imps
  6 worms
  10 dart slugs
  15 orcs
  2 ball pythons
  6 endoplasms
  3 giant cockroaches
  5 gnoll zombies (Ossuary)
  8 goblins
  9 hobgoblins
  2 jackals (D:2)
  5 quokkas
  6 bats
  7 gnoll skeletons (Ossuary)
  2 goblin skeletons (Ossuary)
  5 goblin zombies (Ossuary)
  6 hobgoblin skeletons (Ossuary)
  5 hobgoblin zombies (Ossuary)
  8 kobolds
  4 kobold skeletons (Ossuary)
  3 kobold zombies (Ossuary)
  An orc skeleton (Ossuary)
  3 orc zombies (Ossuary)
  5 rats
  5 rat skeletons (Ossuary)
  4 rat zombies (Ossuary)
277 creatures vanquished.

Vanquished Creatures (collateral kills)
  Gastronok (D:11)
  An ugly thing (Gauntlet)
  4 yaks (D:11)
  A bullfrog (D:9)
7 creatures vanquished.

Vanquished Creatures (others)
  13 fungi
13 creatures vanquished.

Grand Total: 297 creatures vanquished

Notes
Turn   | Place    | Note
-------+----------+-------------------------------------------
     0 | D:1      | LLlMATKO the Minotaur Berserker began the quest for the
                  | Orb.
     0 | D:1      | Reached XP level 1. HP: 19/19 MP: 0/0
   115 | D:1      | Reached XP level 2. HP: 27/27 MP: 1/1
   842 | D:2      | Reached ** piety under Trog
   890 | D:2      | Reached XP level 3. HP: 33/33 MP: 2/2
  1241 | D:2      | Reached XP level 4. HP: 38/41 MP: 3/3
  1380 | D:2      | Found a faded altar of an unknown god.
  1590 | D:3      | Found a shimmering blue altar of Sif Muna.
  1607 | D:3      | Found Saucre's Weapon Emporium.
  1667 | D:3      | Found an opulent altar of Gozag.
  1730 | D:3      | Noticed Grinder
  1738 | D:3      | Noticed Sigmund
  1743 | D:3      | Killed Sigmund
  1744 | D:3      | Reached skill level 5 in Fighting
  1744 | D:3      | Reached skill level 5 in Axes
  1744 | D:3      | Reached XP level 5. HP: 22/48 MP: 4/4
  1744 | D:3      | Reached XP level 6. HP: 26/56 MP: 5/5
  1746 | D:3      | Killed Grinder
  2270 | D:4      | Reached skill level 5 in Armour
  2270 | D:4      | Reached XP level 7. HP: 42/62 MP: 6/6
  2272 | D:4      | Noticed Natasha
  2316 | D:4      | Found a sand-covered staircase.
  2327 | D:4      | Killed Natasha
  2339 | Ossuary  | Entered an ossuary
  2518 | Ossuary  | Reached *** piety under Trog
  2722 | Ossuary  | Noticed Menkaure
  2730 | Ossuary  | Killed Menkaure
  2731 | Ossuary  | Reached skill level 5 in Dodging
  3197 | D:4      | Noticed Natasha
  3204 | D:4      | Killed Natasha
  3231 | D:4      | Reached XP level 8. HP: 71/71 MP: 7/7
  3235 | D:4      | Identified the +2 falchion "Atsu" {freeze, rC- rCorr MP+9
                  | Dex+5}
  3324 | D:4      | Found a basalt altar of Yredelemnul.
  3674 | D:5      | Entered Level 5 of the Dungeon
  3822 | D:5      | Noticed Eustachio
  3829 | D:5      | Killed Eustachio
  3874 | D:5      | Found Zin's Purification Station.
  3877 | D:5      | Found a glowing silver altar of Zin.
  4063 | D:5      | Found an iron altar of Okawaru.
  4113 | D:5      | Reached **** piety under Trog
  4684 | D:5      | Found an ancient bone altar of Kikubaaqudgha.
  5078 | D:5      | Found a runed translucent door.
  5079 | D:5      | Noticed Crazy Yiuf
  5087 | D:5      | Killed Crazy Yiuf
  5164 | D:6      | Reached XP level 9. HP: 80/81 MP: 8/8
  5455 | D:6      | Found a snail-covered altar of Cheibriados.
  5501 | D:6      | Found a staircase to the Ecumenical Temple.
  5773 | D:6      | Paralysed by a hornet for 2 turns
  6534 | D:7      | Found a stormy altar of Qazlal.
  6697 | D:7      | Found a sparkling altar of Nemelex Xobeh.
  6803 | D:7      | Reached XP level 10. HP: 88/91 MP: 9/9
  6824 | D:7      | Found a radiant altar of Vehumet.
  7265 | D:8      | Reached ***** piety under Trog
  8130 | D:9      | Reached skill level 1 in Shields
  8133 | D:9      | Reached skill level 10 in Fighting
  8135 | D:9      | Reached skill level 10 in Axes
  8296 | D:9      | Noticed Harold
  8316 | D:9      | Killed Harold
  8340 | D:8      | Reached skill level 10 in Armour
  8857 | D:9      | Found a transporter.
  8963 | D:10     | Entered Level 10 of the Dungeon
  8970 | D:10     | Reached XP level 11. HP: 97/101 MP: 10/10
  9084 | D:10     | Noticed a two-headed ogre
  9093 | D:10     | Killed a two-headed ogre
  9285 | D:10     | Found a sacrificial altar of Ru.
  9740 | D:10     | Found a shadowy altar of Dithmenos.
  9808 | D:11     | Reached skill level 5 in Shields
  9815 | D:11     | Noticed Gastronok
  9817 | D:11     | Noticed a two-headed ogre
  9833 | D:11     | Reached skill level 10 in Dodging
  9835 | D:11     | Killed a two-headed ogre
  9841 | D:11     | Killed Gastronok
  9901 | D:11     | Found Bux Ivy's Armour Boutique.
  9945 | D:11     | Found a gate leading to a gauntlet.
  9950 | Gauntlet | Entered a Gauntlet
  9950 | Gauntlet | Found a transporter.
  9950 | Gauntlet | Found a runed translucent door.
  9951 | Gauntlet | Found a runed translucent door.
  9953 | Gauntlet | Noticed a fire crab
  9955 | Gauntlet | Found a transporter.
  9957 | Gauntlet | Found a transporter.
  9962 | Gauntlet | Found a runed translucent door.
  9964 | Gauntlet | Found a runed translucent door.
  9967 | Gauntlet | Found a transporter.
  9970 | Gauntlet | Found a transporter.
  9988 | Gauntlet | Found a transporter.
  9989 | Gauntlet | Noticed a reaper
  9996 | Gauntlet | Found a transporter.
 10007 | Gauntlet | Found a transporter.
 10007 | Gauntlet | Noticed a wizard
 10015 | Gauntlet | Noticed a green ugly thing
 10017 | Gauntlet | Found a transporter.
 10018 | Gauntlet | Noticed a wizard
 10018 | Gauntlet | Noticed a great orb of eyes
 10034 | Gauntlet | Found a transporter.
 10045 | Gauntlet | Found a runed translucent gate.
 10046 | Gauntlet | Found a runed translucent gate.
 10046 | Gauntlet | Found a transporter.
 10046 | Gauntlet | Found a transporter.
 10049 | Gauntlet | Found a runed translucent gate.
 10105 | Gauntlet | Found a transporter.
 10108 | Gauntlet | Found a transporter.
 10192 | Gauntlet | Killed a fire crab
 10256 | Gauntlet | Identified the +3 ring mail of Eternal Night {rElec rC+}
 10310 | Gauntlet | Killed a green ugly thing
 10323 | Gauntlet | Killed a great orb of eyes
 10324 | Gauntlet | Reached XP level 12. HP: 112/112 MP: 11/11
 10330 | Gauntlet | Identified the +1 hat of the Transmuting Gods {rElec Will+
                  | Stlth+}
 10344 | Gauntlet | Identified the amulet "Wuilidghi" {Acrobat Stlth+}
 10368 | Gauntlet | Noticed a minotaur
 10399 | Gauntlet | Mangled by a minotaur

Illustrated notes

Levels and vault maps discovered:
D:1:      minmay_arrival_cross, layout_basic, serial_forest,
          infiniplex_forest_fountain, infiniplex_forest_straight_2,
          infiniplex_forest_lined_room_, infiniplex_forest_lined_2,
          infiniplex_forest_clump_small, infiniplex_forest_end_double,
          infiniplex_forest_clump_small, infiniplex_forest_diagonal
D:2:      minmay_spotlight, layout_basic, nicolae_ecumenical_lake_church
D:3:      layout_rooms, mainiacjoe_overflow_surrounded_room,
          grunt_gozag_statues, serial_shops, shop_statue, grunt_ministairs_9,
          uniq_sigmund, uniq_grinder
D:4:      kennysheep_slugbush, layout_loops_ring,
          mainiacjoe_overflow_small_starburst, nicolae_ossuary_entry_ruins,
          uniq_natasha
D:5:      layout_basic, zin_purify, mainiacjoe_overflow_catch_the_wave,
          chequers_serial_rivers_small_a, uniq_crazy_yiuf_cottage,
          uniq_eustachio
D:6:      layout_gridville, slow_altar_1, temple_statues
D:7:      layout_loops_ring, kennysheep_mini_moat,
          lemuel_coloured_pillars_altar, marbit_many_paths
D:8:      layout_basic
D:9:      layout_cave_pools, nicolae_diode_basic, uniq_harold
D:10:     layout_roguey, mainiacjoe_overflow_alcove_4,
          nicolae_ru_great_annihilating_truth, st_stairs_10
D:11:     layout_loops_ring, lair_entry_dummy, serial_shops, shop,
          gauntlet_entry_generic, uniq_gastronok, uniq_erica
Gauntlet: minmay_gauntlet_77_tree [minmay_gauntlet_arena_77_shame_cube,
          minmay_gauntlet_arena_77_cramped, minmay_gauntlet_arena_77_run_for_it,
          minmay_gauntlet_arena_77_two_lines,
          minmay_gauntlet_arena_77_tiled_triplets, minmay_gauntlet_arena_77_box,
          minmay_gauntlet_arena_77_mess, nicolae_gauntlet_exit_dead_adventurers]

Skill      XL: |  1  2  3  4  5  6  7  8  9 10 11 |
---------------+----------------------------------+-----
Fighting       | 4 5 6 7 9 10 11 | 11.8
Axes           | 4 5 6 7 9 10 11 | 11.8
Armour         | 3 4 5 6 7 9 10 11 | 11.5
Dodging        | 3 4 5 6 8 9 10 | 10.6
Shields        | 4 6 |  6.7

Action                     |  1- 3 |  4- 6 |  7- 9 | 10-12 || total
---------------------------+-------+-------+-------+-------++-------
  Melee: Hand axe          |    74 |    34 |   403 |   167 ||   678
         Headbutt          |    16 |    14 |    76 |    64 ||   170
         Punch             |       |       |     4 |       ||     4
         War axe           |       |       |       |   102 ||   102
  Throw: Dart              |       |       |       |     1 ||     1
 Invoke: Berserk           |     1 |     1 |     6 |    10 ||    18
         Trog's Hand       |       |       |     1 |     4 ||     5
         Brothers in Arms  |       |       |       |     3 ||     3
    Use: Scroll            |       |     9 |       |     5 ||    14
   Stab: Paralysed         |       |       |       |     1 ||     1
 Armour: Animal skin       |     5 |       |       |       ||     5
         Ring mail         |     6 |     2 |       |       ||     8
         Ice dragon scales |       |    10 |   169 |   137 ||   316
  Dodge: Dodged            |    38 |    29 |   222 |   243 ||   532
  Block: Kite shield       |       |       |       |   101 ||   101
